Map: Torres Crepusculares

Players

TheZergLord

  • Race: Zerg Zerg
  • League: Master

llllllllllll - Winner!

  • Race: Zerg Zerg
  • League: Grandmaster

VOD

Have the link to the VOD?

Description

Time

  • Played on: April 26, 2016, 11:53 a.m.
  • Length: 12:15
Show
View Real Time Build Order
Export as new Build Order

TheZergLord Zerg 

Build Orders: Pool First 

Get SALT Encoding   

  12  0:01  Drone  
  13  0:09  Drone  
  14  0:26  Spawning Pool  
  13  0:30  Drone  
  14  0:41  Extractor x2, Drone  
  14  0:42  Drone  
  14  0:47  Overlord  
  16  1:15  Zergling x6  
  19  1:26  Hatchery  
  19  1:27  Zergling x2  
  19  1:33  Queen  
  19  1:38  Zergling x2  
  22  1:48  Overlord  
  22  2:09  Drone x2  
  22  2:10  Queen  
  24  2:26  Drone  
  25  2:31  Spine Crawler  
  25  2:32  Zergling x2  
  25  2:38  Zergling x2  
  25  2:40  Queen  
  28  2:47  Queen  
  28  2:51  Drone x3  
  33  3:15  Drone x3  
  36  3:22  Extractor x2  
  34  3:37  Overlord  
  34  3:38  Drone x2  
  36  3:56  Drone x4  
  36  3:57  Drone x4  
  36  4:00  Overlord  
  36  4:01  Hatchery  
  42  4:12  Drone  
  43  4:22  Drone x5  
  43  4:23  Drone x3  
  51  4:29  Lair  
  51  4:36  Roach Warren  
  50  4:39  Evolution Chamber  
  50  4:43  Drone x2  
  51  4:46  Overlord  
  51  5:06  Overlord  
  51  5:16  Roach  
  51  5:17  Roach x6  
  65  5:26  Zerg Missile Weapons Level 1  
  65  5:27  Drone  
  66  5:30  Overseer  
  66  5:33  Glial Reconstitution  
  66  5:40  Drone x4  
  66  5:41  Drone x4  
  74  5:57  Overlord x2  
  74  6:07  Overlord x3  
  74  6:17  Drone x6  
  74  6:18  Drone x2  
  82  6:23  Overlord x4  
  82  6:28  Drone x3  
  82  6:29  Drone  
  82  6:31  Extractor  
  82  6:32  Extractor  
  84  6:33  Extractor, Drone x4  
  84  6:34  Drone  
  84  6:35  Extractor  
  87  6:40  Spore Crawler  
  87  6:44  Spore Crawler x2  
  87  6:45  Spore Crawler  
  83  6:47  Drone x2  
  83  6:48  Drone, Spore Crawler  
  83  6:50  Spore Crawler  
  83  6:52  Drone x4  
  88  6:56  Spore Crawler  
  88  6:58  Infestation Pit  
  88  7:00  Hydralisk Den  
  85  7:08  Drone x5  
  90  7:21  Overlord  
  90  7:26  Zerg Missile Weapons Level 2  
  90  7:31  Muscular Augments  
  89  7:48  Hydralisk  
  89  7:49  Hydralisk x9  
  89  7:50  Hydralisk  
  111  8:07  Hydralisk  
  111  8:08  Hydralisk x6  
  125  8:17  Overlord x2  
  125  8:18  Overlord x2  
  125  8:38  Roach  
  125  8:39  Roach x8  
  143  8:46  Drone  
  144  8:56  Overlord x3  
  144  8:57  Hatchery  
  143  9:15  Hydralisk x3  
  143  9:16  Hydralisk x6  
  158  9:34  Roach x2  
  158  9:35  Overlord  
  158  9:36  Overlord x2  
  160  9:44  Spawning Pool  
  159  9:55  Roach  
  159  9:56  Roach x12  
  183  10:12  Roach x4  
  183  10:14  Overlord x2  
  191  10:20  Zerg Ground Armor Level 1  
  191  10:27  Lurker Den  
  191  10:31  Ravager  
  191  10:34  Ravager x8  
  200  10:41  Spore Crawler  
  187  11:02  Roach x7  
  150  11:12  Roach  
  150  11:13  Roach x11  
  149  11:25  Queen  
  119  11:32  Roach x3  
  129  11:33  Roach x2  
  122  11:40  Roach  
  122  11:41  Roach x3  
  122  11:45  Roach  
  126  11:53  Roach  
  126  11:54  Roach x2  
Show
View Real Time Build Order
Export as new Build Order

llllllllllll Zerg - Winner!

Build Orders: Hatch First, Muta Ling Bane 

Get SALT Encoding   

  12  0:01  Drone  
  13  0:08  Drone  
  14  0:20  Extractor  
  14  0:21  Extractor, Drone  
  14  0:22  Drone  
  16  0:42  Hatchery  
  15  0:57  Spawning Pool  
  14  1:04  Extractor  
  14  1:05  Extractor, Drone  
  14  1:06  Drone  
  16  1:15  Overlord  
  16  1:45  Zergling x6  
  16  1:46  Queen  
  21  1:57  Zergling x4  
  21  1:58  Queen  
  21  2:00  Spine Crawler  
  24  2:07  Zergling x4  
  25  2:25  Queen  
  27  2:31  Overlord  
  27  2:36  Drone  
  28  2:49  Queen  
  30  2:52  Drone  
  30  2:53  Drone x4  
  30  2:57  Overlord  
  34  3:05  Drone x2  
  32  3:14  Drone x2  
  32  3:17  Extractor  
  32  3:19  Extractor  
  32  3:36  Drone  
  32  3:37  Drone x4  
  37  3:49  Drone x3  
  37  3:50  Drone x2  
  42  3:57  Overlord  
  42  4:02  Extractor  
  41  4:04  Extractor  
  40  4:12  Overlord x2  
  40  4:15  Overlord  
  40  4:17  Drone x3  
  40  4:19  Drone  
  40  4:21  Lair  
  44  4:32  Drone x4  
  44  4:33  Drone  
  44  4:35  Metabolic Boost  
  49  4:46  Drone x2  
  49  4:47  Drone x4  
  55  5:11  Hatchery  
  54  5:23  Spire  
  53  5:38  Overlord x3  
  53  5:41  Drone  
  53  5:42  Drone x8  
  62  6:14  Overlord  
  62  6:15  Overlord  
  62  6:26  Extractor  
  62  6:30  Extractor  
  62  6:31  Drone x3  
  62  6:32  Drone x3  
  66  6:37  Mutalisk  
  66  6:38  Mutalisk x7  
  82  6:48  Mutalisk x5  
  92  6:55  Drone  
  92  6:56  Drone  
  92  6:57  Overseer  
  94  7:07  Zerg Flyer Armor Level 1  
  94  7:08  Drone x6  
  100  7:27  Hatchery  
  99  7:55  Roach Warren  
  99  7:58  Evolution Chamber x2  
  97  7:59  Drone x2  
  98  8:06  Baneling Nest  
  97  8:24  Drone x6  
  97  8:25  Zerg Missile Weapons Level 1, Drone x3  
  97  8:26  Zerg Ground Armor Level 1  
  106  8:34  Glial Reconstitution  
  106  8:36  Roach x4  
  106  8:38  Overlord x9  
  114  8:52  Centrifical Hooks  
  114  8:56  Queen  
  114  8:59  Roach  
  114  9:00  Zergling x2, Roach x7  
  114  9:01  Zergling x20  
  142  9:05  Roach  
  142  9:09  Roach  
  144  9:30  Roach x15  
  174  9:32  Baneling x8  
  174  9:33  Baneling x14  
  170  10:06  Overlord x3  
  170  10:14  Roach  
  170  10:15  Zergling x6, Roach x8  
  170  10:18  Overlord  
  191  10:31  Extractor  
  191  10:32  Extractor  
  189  10:45  Hatchery  
  186  10:55  Zergling x6  
  186  10:56  Roach x7  
  199  10:59  Baneling x6  
  199  11:01  Overseer  
  153  11:26  Roach  
  153  11:27  Roach x17  
  189  11:38  Infestation Pit  
  170  11:50  Roach x9  
  170  11:51  Roach x3  
Tags
 
Add a new tag
Caveats
  • Supply blocks, unpowered buildings, or Contaminate may cause inaccurate times.
  • Supply counts are checked every 10 seconds.